[Event "Titled Tuesday Blitz June 20 Early 2023"]
[White "Rodriguez Santiago, Jaime"]
[Black "KorolDimitriy75"]
[WhiteFideId "3100898"]
[WhiteElo "2025"]
[BlackElo "2405"]
[Result "0-1"]
[Round "9"]
[TimeControl "180+2"]
[Date "2023.06.20"]
[WhiteClock "0:00:11"]
[BlackClock "0:00:09"]
[Board "140"]

1. c4 c5 2. Nc3 g6 3. g3 Bg7 4. Bg2 Nc6 5. e4 d6 6. d3 e5 7. Nge2 Nge7 8. a3 O-O 9. O-O f5 10. exf5 Bxf5 11. f4 Qd7 12. Rf2 Rae8 13. Rb1 exf4 14. Bxf4 Nd4 15. b4 b6 16. bxc5 dxc5 17. Ne4 Bg4 18. Bf1 Nef5 19. Kg2 h6 20. Qd2 g5 21. Be3 Nxe3+ 22. Qxe3 Rxf2+ 23. Qxf2 Rf8 24. Qe3 Nxe2 25. Bxe2 Bd4 26. Bxg4 Qxg4 27. Qe1 Qf3+ 28. Kh3 Rf4 29. Nxg5 hxg5 30. Qe8+ Kg7 31. Qe7+ Kg6 32. Qe6+ Rf6 33. Qe8+ Kg7 34. Qe7+ Kh6 35. Re1 Qf5+ 36. Kg2 Qf3+ 37. Kh3 Qf5+ 38. Kg2 g4 39. Qe2 Qf3+ 40. Qxf3 gxf3+ 41. Kf1 f2 42. Re4 Kg5 43. h3 Kg6 44. g4 Rf3 45. h4 Rxd3 46. Ke2 Rxa3 47. Rf4 Ra2+ 48. Kd3 Ra1 49. Ke2 Re1+ 50. Kd3 f1=Q+ 51. Rxf1 Rxf1 52. h5+ Kg5 53. Ke4 Re1+ 54. Kd5 Rc1 55. Kc6 Rxc4 56. Kb7 Rc3 57. Kxa7 Rg3 58. Ka6 Rxg4 59. Kb5 Rh4 0-1


[Site "https://www.chess.com"]

[Event "Titled Tuesday Blitz June 20 Early 2023"]
[White "Abduzhaparov"]
[Black "Hartikainen, Jarmo"]
[BlackFideId "503134"]
[WhiteElo "2365"]
[BlackElo "2155"]
[Result "0-1"]
[Round "9"]
[TimeControl "180+2"]
[Date "2023.06.20"]
[WhiteClock "0:00:00"]
[BlackClock "0:00:19"]
[Board "141"]

1. Nf3 Nf6 2. c4 c5 3. Nc3 Nc6 4. d4 d5 5. cxd5 Nxd5 6. g3 cxd4 7. Nxd4 Nxc3 8. bxc3 g6 9. Bg2 Bd7 10. O-O Bg7 11. e4 O-O 12. Be3 Ne5 13. Rb1 b6 14. Qb3 Rc8 15. Rfd1 Nc4 16. e5 Nxe5 17. Nb5 Nc4 18. Nxa7 Nxe3 19. Nxc8 Nxd1 20. Nxb6 Nxc3 21. Re1 Be6 22. Rxe6 fxe6 23. Qxe6+ Kh8 24. h4 Qd1+ 25. Kh2 Ne2 26. Kh3 Ng1+ 27. Kh2 Ne2 28. Kh3 Nd4 29. Qe3 Qe2 30. a4 Qxe3 31. fxe3 Nb3 32. Nc4 Bc3 33. Bc6 Na5 34. Nxa5 Bxa5 35. Kg4 Kg7 36. e4 Kf6 37. Kf4 e5+ 38. Ke3 Rc8 39. Bb5 Rc3+ 40. Kf2 h6 41. g4 Ke7 42. h5 g5 43. Kg2 Kd6 44. Kf2 Kc5 45. Kg2 Kd4 0-1


[Site "https://www.chess.com"]

[Event "Titled Tuesday Blitz June 20 Early 2023"]
[White "Vargas Rodriguez, Wilver"]
[Black "Ziegler, Ari"]
[WhiteFideId "3509672"]
[BlackFideId "1700987"]
[WhiteElo "2245"]
[BlackElo "2288"]
[Result "0-1"]
[Round "9"]
[TimeControl "180+2"]
[Date "2023.06.20"]
[WhiteClock "0:00:00"]
[BlackClock "0:00:56"]
[Board "142"]

1. Nf3 g6 2. c4 Bg7 3. Nc3 e5 4. d3 Nc6 5. Rb1 a5 6. g3 d6 7. Bg2 f5 8. a3 Nf6 9. O-O O-O 10. b4 axb4 11. axb4 h6 12. e3 Be6 13. Qb3 Kh8 14. d4 e4 15. Nd2 Bf7 16. Bb2 h5 17. b5 Ne7 18. Qc2 h4 19. Rfe1 Ng4 20. Ne2 hxg3 21. hxg3 Bf6 22. Bh3 Kg7 23. Bxg4 fxg4 24. Nxe4 Ng8 25. Nf4 g5 26. Nd5 Bxd5 27. cxd5 Rc8 28. Nxf6 Nxf6 29. e4 Rh8 30. e5 Nxd5 0-1


[Site "https://www.chess.com"]

[Event "Titled Tuesday Blitz June 20 Early 2023"]
[White "Butti, Enrique"]
[Black "Samaganova, Aleksandra"]
[WhiteFideId "3700470"]
[BlackFideId "13800221"]
[WhiteElo "2080"]
[BlackElo "1858"]
[Result "0-1"]
[Round "9"]
[TimeControl "180+2"]
[Date "2023.06.20"]
[WhiteClock "0:00:39"]
[BlackClock "0:00:10"]
[Board "143"]

1. d4 Nf6 2. c4 e6 3. Nf3 b6 4. e3 Bb7 5. Bd3 Be7 6. O-O O-O 7. b3 c5 8. Bb2 cxd4 9. exd4 d5 10. Nbd2 Nc6 11. Re1 Rc8 12. a3 Qc7 13. Nf1 Rfd8 14. Ne3 Na5 15. Ne5 Qb8 16. cxd5 Bxd5 17. b4 Nc6 18. Nxd5 Rxd5 19. Bc4 Nxe5 20. Bxd5 Neg4 21. Bf3 Qxh2+ 22. Kf1 Qh1+ 23. Ke2 Qh5 24. Qd3 Nd5 25. Qe4 Ndf6 26. Bxg4 Nxg4 27. Rh1 Qb5+ 28. Kf3 Nf6 29. Qe2 Qf5+ 30. Kg3 Bd6+ 31. Kh4 g5# 0-1


[Site "https://www.chess.com"]

[Event "Titled Tuesday Blitz June 20 Early 2023"]
[White "Winkels, Marcel"]
[Black "Ardila, Oscar Humberto"]
[WhiteFideId "1003887"]
[BlackFideId "4404742"]
[WhiteElo "1900"]
[BlackElo "1912"]
[Result "1-0"]
[Round "9"]
[TimeControl "180+2"]
[Date "2023.06.20"]
[WhiteClock "0:00:41"]
[BlackClock "0:00:42"]
[Board "144"]

1. e4 e5 2. Nf3 Nf6 3. Nxe5 d6 4. Nf3 Nxe4 5. Nc3 Nxc3 6. dxc3 Be7 7. Be3 O-O 8. Qd2 Nd7 9. O-O-O c5 10. Bf4 Qa5 11. Kb1 Nf6 12. c4 Qa6 13. Bd3 Be6 14. b3 d5 15. cxd5 c4 16. Bxc4 b5 17. Bxb5 Qxb5 18. dxe6 fxe6 19. Rhe1 Nd5 20. Be5 Bf6 21. Nd4 Qc5 22. Nxe6 Nc3+ 23. Bxc3 Qxc3 24. Qxc3 Bxc3 25. Nxf8 Bxe1 26. Rxe1 Rxf8 27. f3 Kf7 28. c4 Rd8 29. Re2 Rd1+ 30. Kc2 Ra1 31. Kc3 Rh1 32. c5 Rc1+ 33. Rc2 Rd1 34. c6 Ke7 35. Kb2 Kd8 36. b4 Kc7 37. b5 Rd4 38. Kb3 Rd3+ 39. Rc3 Rd1 40. a4 Ra1 41. Kb4 Ra2 42. Rd3 Rxg2 43. Rd7+ Kb8 44. a5 Rb2+ 45. Kc5 Rc2+ 46. Kd6 Rd2+ 47. Ke7 Rxh2 48. b6 axb6 49. axb6 Rc2 50. Rd8# 1-0


[Site "https://www.chess.com"]

[Event "Titled Tuesday Blitz June 20 Early 2023"]
[White "Sarkar, Justin"]
[Black "Baruch, Liam"]
[WhiteFideId "2010011"]
[BlackFideId "14322064"]
[WhiteElo "2151"]
[BlackElo "2129"]
[Result "1-0"]
[Round "9"]
[TimeControl "180+2"]
[Date "2023.06.20"]
[WhiteClock "0:00:10"]
[BlackClock "0:00:36"]
[Board "145"]

1. d4 d5 2. c4 e6 3. Nc3 Nf6 4. Bg5 Be7 5. e3 h6 6. Bh4 O-O 7. Nf3 b6 8. Rb1 Bb7 9. Bxf6 Bxf6 10. cxd5 exd5 11. b4 Nc6 12. Bd3 Qe7 13. Nxd5 Qd6 14. Nxf6+ Qxf6 15. O-O Ne7 16. Ne5 Ng6 17. Bxg6 fxg6 18. Qc2 Kh7 19. Nd7 Qg5 20. Nxf8+ Rxf8 21. f4 Qe7 22. Qc3 Re8 23. Rbc1 Qe4 24. Rf2 c5 25. bxc5 bxc5 26. dxc5 Rc8 27. Qd4 Qf5 28. c6 Bxc6 29. Rfc2 Qe6 30. h3 Bd7 31. Rxc8 Bxc8 32. Qxa7 Qf6 33. Rxc8 Qa1+ 34. Kh2 Qf6 35. Rc7 g5 36. Rxg7+ Qxg7 37. Qxg7+ Kxg7 38. fxg5 hxg5 39. Kg3 Kf7 40. Kg4 Kf6 41. e4 Kg6 42. e5 Kh6 43. a4 Kg7 44. Kxg5 Kf7 45. Kf5 Ke7 46. e6 Ke8 47. Kf6 Kf8 48. e7+ Ke8 49. a5 Kd7 50. Kf7 Kc7 51. e8=Q Kb7 52. Qb5+ Ka8 53. a6 Ka7 54. Qb7# 1-0


[Site "https://www.chess.com"]

[Event "Titled Tuesday Blitz June 20 Early 2023"]
[White "Saim, Mohamed Ilias"]
[Black "Georg, Heinz"]
[WhiteFideId "7900465"]
[BlackFideId "4607295"]
[WhiteElo "2063"]
[BlackElo "2276"]
[Result "1-0"]
[Round "9"]
[TimeControl "180+2"]
[Date "2023.06.20"]
[WhiteClock "0:00:24"]
[BlackClock "0:00:00"]
[Board "146"]

1. d4 f5 2. c4 Nf6 3. e3 e6 4. Bd3 b6 5. Ne2 Bb7 6. f3 d5 7. O-O c6 8. Nbc3 Be7 9. e4 fxe4 10. fxe4 dxe4 11. Nxe4 c5 12. Nxf6+ Bxf6 13. Be3 cxd4 14. Nxd4 Bxd4 15. Bxd4 Qxd4+ 16. Kh1 Nc6 17. Qh5+ g6 18. Bxg6+ hxg6 19. Qxg6+ Kd7 20. Rad1 Rad8 21. Qg7+ Kc8 22. Rxd4 Nxd4 23. Qe5 Rhf8 24. Rd1 Nc6 25. Qxe6+ Kb8 26. Rc1 Nd4 27. Qe5+ Ka8 28. b4 1-0


[Site "https://www.chess.com"]

[Event "Titled Tuesday Blitz June 20 Early 2023"]
[White "Iskusnyh, Sergei"]
[Black "Francisco_Ferrari"]
[WhiteFideId "4120027"]
[WhiteElo "2492"]
[BlackElo "2260"]
[Result "1-0"]
[Round "9"]
[TimeControl "180+2"]
[Date "2023.06.20"]
[WhiteClock "0:02:01"]
[BlackClock "0:01:20"]
[Board "147"]

1. d4 Nf6 2. c4 e6 3. g3 d5 4. Bg2 Be7 5. Nf3 O-O 6. Qc2 dxc4 7. Qxc4 a6 8. Bf4 Nd5 9. Nc3 b5 10. Qb3 Bb7 11. Nxd5 Bxd5 12. Qc2 Nc6 13. O-O Bxf3 14. Bxf3 Nxd4 15. Qxc7 Qxc7 16. Bxc7 Nxf3+ 17. exf3 Rac8 18. Rac1 Bd8 19. Bd6 Rxc1 20. Rxc1 Re8 21. Rc8 f6 22. Bc7 Bxc7 23. Rxe8+ Kf7 24. Ra8 a5 25. Ra7 1-0


[Site "https://www.chess.com"]

[Event "Titled Tuesday Blitz June 20 Early 2023"]
[White "profedechess93"]
[Black "Gyulamiryan-koryun"]
[WhiteElo "2558"]
[BlackElo "1800"]
[Result "1/2-1/2"]
[Round "9"]
[TimeControl "180+2"]
[Date "2023.06.20"]
[WhiteClock "0:00:08"]
[BlackClock "0:00:05"]
[Board "148"]

1. e4 c5 2. Nf3 d6 3. Bb5+ Bd7 4. Bxd7+ Qxd7 5. O-O Nc6 6. Re1 g6 7. c3 Bg7 8. d4 cxd4 9. cxd4 Nf6 10. Nc3 O-O 11. Bg5 Rfd8 12. d5 Na5 13. e5 dxe5 14. Nxe5 Qf5 15. f4 h6 16. g4 Qc8 17. Bh4 Nc4 18. h3 b5 19. Rc1 Qa6 20. Qb3 Nxd5 21. Qxb5 Qxb5 22. Nxb5 Nxf4 23. Nc6 Rd2 24. Rxc4 Nxh3+ 25. Kh1 Rxb2 26. Nbd4 Rxa2 27. Nxe7+ Kh7 28. Nd5 Rd2 29. Nf6+ Bxf6 30. Bxf6 Nf2+ 31. Kg1 Nxg4 32. Nf3 Rd6 33. Ba1 Re6 34. Rxe6 fxe6 35. Rxg4 Rb8 36. Ra4 Rb1+ 37. Kf2 Rb7 38. Bd4 g5 39. Rxa7 Rxa7 40. Bxa7 Kg6 41. Kg3 Kf5 42. Nh2 h5 43. Bb8 h4+ 44. Kf3 e5 45. Ba7 e4+ 46. Kg2 g4 47. Nf1 Kf4 48. Bb8+ Kf5 49. Ne3+ Kg5 50. Bc7 g3 51. Nd5 Kf5 52. Ne3+ Kg5 53. Kh3 Kf6 54. Kxh4 g2 55. Nxg2 Ke6 56. Bg3 Kd5 57. Be1 Kd4 58. Kg3 Kd3 59. Kf4 Ke2 60. Kxe4 Kf1 61. Kf3 Kg1 62. Ne3 Kh2 63. Bf2 Kh3 64. Be1 Kh2 65. Kf2 Kh1 66. Kf3 Kh2 1/2-1/2


[Site "https://www.chess.com"]

[Event "Titled Tuesday Blitz June 20 Early 2023"]
[White "Vafin, Ayrat"]
[Black "Politov, Pavel Y."]
[WhiteFideId "4146530"]
[BlackFideId "24110515"]
[WhiteElo "2317"]
[BlackElo "2066"]
[Result "1-0"]
[Round "9"]
[TimeControl "180+2"]
[Date "2023.06.20"]
[WhiteClock "0:01:42"]
[BlackClock "0:00:36"]
[Board "149"]

1. Nf3 d5 2. g3 Bg4 3. Bg2 Nd7 4. d4 c6 5. O-O e6 6. Nbd2 Ngf6 7. Re1 Be7 8. e4 dxe4 9. Nxe4 O-O 10. c3 Nxe4 11. Rxe4 Nf6 12. Re1 Qb6 13. Qb3 Rfd8 14. Ne5 Bf5 15. Nc4 Qxb3 16. axb3 Bc2 17. b4 Bb3 18. Na5 Bd5 19. Nxb7 Bxg2 20. Nxd8 Bd5 21. Nb7 Nd7 22. Nc5 Nxc5 23. dxc5 a5 24. Rxa5 Rxa5 25. bxa5 Bxc5 26. a6 Kf8 27. b4 Bb6 28. Be3 Bxe3 29. fxe3 Ke7 30. e4 Bc4 31. a7 1-0


[Site "https://www.chess.com"]

[Event "Titled Tuesday Blitz June 20 Early 2023"]
[White "Prydun, Andriy"]
[Black "KSho99"]
[WhiteFideId "14145898"]
[WhiteElo "2164"]
[BlackElo "2196"]
[Result "0-1"]
[Round "9"]
[TimeControl "180+2"]
[Date "2023.06.20"]
[WhiteClock "0:00:00"]
[BlackClock "0:00:11"]
[Board "150"]

1. e4 e6 2. d3 d5 3. Nd2 Nc6 4. Ngf3 e5 5. d4 exd4 6. Bb5 dxe4 7. Nxe4 Qd5 8. Bxc6+ bxc6 9. O-O c5 10. Re1 Be6 11. Neg5 O-O-O 12. Nxe6 fxe6 13. Qe2 Nf6 14. Qa6+ Kb8 15. Bf4 Bd6 16. Ne5 Bxe5 17. Rxe5 Qb7 18. Qa5 Nd5 19. Bg3 Qb6 20. Qe1 Rhe8 21. a4 Qb4 22. Qf1 Ka8 23. Rae1 Qxb2 24. Qa6 Qb6 25. Qc4 Qb4 26. Qa6 Qb6 27. Qc4 Qb4 28. Qa6 Rd6 29. Qd3 Qc3 30. Qb5 Rb8 31. Qd3 Qxd3 32. cxd3 Rb3 33. Rxe6 Rxe6 0-1


[Site "https://www.chess.com"]

[Event "Titled Tuesday Blitz June 20 Early 2023"]
[White "Gardezi, Arsal"]
[Black "Rodrigues Mota, Romulo Cardoso S"]
[WhiteFideId "30949521"]
[BlackFideId "2187442"]
[WhiteElo "1906"]
[BlackElo "2001"]
[Result "1-0"]
[Round "9"]
[TimeControl "180+2"]
[Date "2023.06.20"]
[WhiteClock "0:00:46"]
[BlackClock "0:00:00"]
[Board "151"]

1. d4 Nf6 2. c4 e6 3. Nc3 Bb4 4. Bg5 d5 5. e3 O-O 6. Bd3 h6 7. Bh4 c5 8. Nf3 Nc6 9. O-O cxd4 10. exd4 dxc4 11. Bxc4 a6 12. a3 Bxc3 13. bxc3 g5 14. Bg3 b5 15. Bd3 Nd5 16. Ne5 Bb7 17. Qh5 Kg7 18. h4 Nf6 19. Qe2 Qd5 20. hxg5 Nxd4 21. gxf6+ Kh8 22. Qe4 Ne2+ 23. Kh2 Qxe4 24. Bxe4 Bxe4 25. Rfe1 Nxg3 26. fxg3 Bd5 27. g4 Rac8 28. Re3 Rc7 29. Rh3 Kh7 30. g5 Rfc8 31. Rxh6+ Kg8 32. c4 bxc4 33. Rh1 Rb7 34. Kg3 Rb3+ 35. Nf3 1-0


[Site "https://www.chess.com"]

[Event "Titled Tuesday Blitz June 20 Early 2023"]
[White "Ouellet, Maili-Jade"]
[Black "Kev4444444444"]
[WhiteFideId "2620472"]
[WhiteElo "2077"]
[BlackElo "2173"]
[Result "1-0"]
[Round "9"]
[TimeControl "180+2"]
[Date "2023.06.20"]
[WhiteClock "0:00:21"]
[BlackClock "0:00:19"]
[Board "152"]

1. e4 c6 2. d4 d5 3. e5 c5 4. dxc5 Nc6 5. Nf3 Bg4 6. Bb5 e6 7. Be3 Ne7 8. b4 a6 9. Ba4 Ng6 10. Qd4 Bxf3 11. gxf3 a5 12. c3 axb4 13. Bxc6+ bxc6 14. cxb4 Nh4 15. Nd2 Nf5 16. Qd3 d4 17. Bf4 g5 18. Bg3 h5 19. h4 gxh4 20. Bf4 Qd5 21. Ne4 Be7 22. a3 O-O 23. Ke2 Rfb8 24. Rhg1+ Kf8 25. Rgb1 Ke8 26. Kf1 Kd7 27. a4 Ra7 28. b5 cxb5 29. axb5 Rxa1 30. Rxa1 Bxc5 31. Nf6+ 1-0


[Site "https://www.chess.com"]

[Event "Titled Tuesday Blitz June 20 Early 2023"]
[White "Slovineanu, Viacheslav"]
[Black "le-castor-faineant"]
[WhiteFideId "13900510"]
[WhiteElo "2312"]
[BlackElo "2153"]
[Result "1-0"]
[Round "9"]
[TimeControl "180+2"]
[Date "2023.06.20"]
[WhiteClock "0:01:23"]
[BlackClock "0:02:06"]
[Board "153"]

1. e4 e5 2. Nf3 Nf6 3. Nc3 Bc5 4. Nxe5 d6 5. Nf3 O-O 6. Be2 Re8 7. d3 Nc6 8. O-O Bg4 9. h3 Bh5 10. Na4 Bb6 11. Nxb6 axb6 12. Be3 d5 13. exd5 Nxd5 14. Bg5 Bxf3 15. Bxd8 Bxe2 16. Re1 Rexd8 17. Rxe2 Nf4 18. Re4 Ne6 19. c3 Nc5 20. Re3 f6 21. d4 Na4 22. Qb3+ Kh8 23. Rae1 h6 24. R1e2 1-0


[Site "https://www.chess.com"]

[Event "Titled Tuesday Blitz June 20 Early 2023"]
[White "Nikulina, Alena"]
[Black "Zaichenko, Daria"]
[WhiteFideId "4172051"]
[BlackFideId "4197453"]
[WhiteElo "1608"]
[BlackElo "2039"]
[Result "0-1"]
[Round "9"]
[TimeControl "180+2"]
[Date "2023.06.20"]
[WhiteClock "0:00:17"]
[BlackClock "0:00:55"]
[Board "154"]

1. e4 c5 2. Nf3 Nc6 3. d4 cxd4 4. Nxd4 Nf6 5. Nc3 d6 6. Be2 e5 7. Nb3 Be6 8. O-O d5 9. exd5 Nxd5 10. Nxd5 Bxd5 11. Be3 Be7 12. c4 Be6 13. Qc2 O-O 14. Rad1 Qc7 15. a3 f5 16. Bc5 a5 17. Bxe7 Qxe7 18. Rd2 a4 19. Nc1 Nd4 20. Qd3 Rac8 21. b3 axb3 22. Qb1 Qxa3 23. Bd1 Bxc4 24. Bxb3 Nxb3 25. Nxb3 Qxb3 26. Qxb3 Bxb3 27. Rb1 Rc7 28. f3 Bc4 29. Rdb2 b5 30. Rd2 Ra8 31. Rd6 Kf7 32. h3 Ke7 33. Rb6 Ra2 34. Rb8 Rd7 35. Kh2 Rdd2 36. Rg1 Bd5 37. Rb7+ Bxb7 0-1


[Site "https://www.chess.com"]

[Event "Titled Tuesday Blitz June 20 Early 2023"]
[White "Thiel, Thomas"]
[Black "Semenova, Alina"]
[WhiteFideId "4615964"]
[BlackFideId "24113875"]
[WhiteElo "2226"]
[BlackElo "1833"]
[Result "0-1"]
[Round "9"]
[TimeControl "180+2"]
[Date "2023.06.20"]
[WhiteClock "0:01:22"]
[BlackClock "0:01:19"]
[Board "155"]

1. e4 e5 2. Nf3 Nf6 3. Nxe5 Nxe4 4. d4 d5 5. Bd3 Nd7 6. O-O Bd6 7. Bf4 O-O 8. Nd2 f5 9. f3 Nxd2 10. Qxd2 c5 11. Rae1 cxd4 12. Kh1 Qc7 13. Qe2 Re8 14. Bxf5 Nxe5 15. Bxc8 Raxc8 0-1


[Site "https://www.chess.com"]

[Event "Titled Tuesday Blitz June 20 Early 2023"]
[White "Skiadopoulos, Nikolaos"]
[Black "Kiseleva, Arina"]
[WhiteFideId "4200772"]
[BlackFideId "4164989"]
[WhiteElo "2022"]
[BlackElo "1701"]
[Result "1-0"]
[Round "9"]
[TimeControl "180+2"]
[Date "2023.06.20"]
[WhiteClock "0:01:13"]
[BlackClock "0:00:24"]
[Board "156"]

1. e4 c6 2. d4 d5 3. e5 Bf5 4. Ne2 e6 5. Nf4 h5 6. Nxh5 c5 7. Ng3 Bg6 8. c3 Nc6 9. Bb5 Qb6 10. a4 a6 11. Bxc6+ bxc6 12. a5 Qb7 13. dxc5 Bxc5 14. b4 Ba7 15. h4 Ne7 16. h5 Bxb1 17. Rxb1 Rd8 18. Qg4 Kf8 19. h6 g6 20. h7 Qc7 21. Bh6+ Ke8 22. Bg7 Rxh7 23. Rxh7 Nf5 24. Nxf5 exf5 25. Qg5 d4 26. Rh8+ Kd7 27. Rxd8+ Qxd8 28. Qxd8+ Kxd8 29. cxd4 Ke7 30. Bf6+ Ke6 31. Rd1 Kd5 32. Ke2 Kc4 33. Ke3 Kxb4 34. Rb1+ Kxa5 35. Bd8+ Ka4 36. Rb7 f4+ 37. Ke4 f3 38. gxf3 1-0


[Site "https://www.chess.com"]

[Event "Titled Tuesday Blitz June 20 Early 2023"]
[White "Modric, Nesa"]
[Black "Goughfather"]
[WhiteFideId "922579"]
[WhiteElo "2167"]
[BlackElo "2021"]
[Result "1-0"]
[Round "9"]
[TimeControl "180+2"]
[Date "2023.06.20"]
[WhiteClock "0:00:35"]
[BlackClock "0:00:00"]
[Board "157"]

1. e4 c6 2. d4 d5 3. e5 c5 4. c3 Nc6 5. Be2 Qb6 6. dxc5 Qxc5 7. b4 Qb6 8. Qxd5 Be6 9. Qe4 Rd8 10. Be3 Qc7 11. Nf3 Bd5 12. Qf4 g6 13. e6 Qxf4 14. Bxf4 Bxe6 15. O-O Bg7 16. b5 Na5 17. Bc7 Nc4 18. Bxd8 Kxd8 19. Nbd2 Nd6 20. Rac1 Bf5 21. c4 Bb2 22. Rce1 Nf6 23. c5 Nc8 24. Nc4 Bc3 25. Rd1+ Kc7 26. Nfe5 Be6 27. a4 Nd5 28. Bf3 Nb4 29. a5 1-0


[Site "https://www.chess.com"]

[Event "Titled Tuesday Blitz June 20 Early 2023"]
[White "Floresvillar Gonzalez, Luis Migu"]
[Black "Alberto, Manuel"]
[WhiteFideId "5100542"]
[BlackFideId "10100148"]
[WhiteElo "2040"]
[BlackElo "2166"]
[Result "1-0"]
[Round "9"]
[TimeControl "180+2"]
[Date "2023.06.20"]
[WhiteClock "0:01:20"]
[BlackClock "0:01:58"]
[Board "158"]

1. e4 c5 2. d4 cxd4 3. c3 d3 4. Bxd3 d6 5. Nf3 e6 6. O-O a6 7. Bg5 Qc7 8. a4 Ne7 9. Nbd2 h6 10. Bh4 Ng6 11. Bg3 Be7 12. Qe2 O-O 13. e5 dxe5 14. Nxe5 Nxe5 15. Bxe5 Bd6 16. Bxd6 Qxd6 17. Rad1 Qc6 18. Bc2 Nd7 19. Ne4 b5 20. axb5 axb5 21. Nd6 Ba6 22. Be4 Qb6 23. Bxa8 Rb8 24. Be4 Nc5 25. Bc2 b4 26. c4 b3 27. Bb1 Qb4 28. Qd2 Qa4 29. Qf4 Rf8 30. Nb5 1-0


[Site "https://www.chess.com"]

[Event "Titled Tuesday Blitz June 20 Early 2023"]
[White "Better_Chess_Faster"]
[Black "Cardenas Carbajal, Nilson"]
[BlackFideId "8401128"]
[WhiteElo "2010"]
[BlackElo "1972"]
[Result "0-1"]
[Round "9"]
[TimeControl "180+2"]
[Date "2023.06.20"]
[WhiteClock "0:00:00"]
[BlackClock "0:00:13"]
[Board "159"]

1. e4 c5 2. Nf3 d6 3. d4 cxd4 4. Nxd4 Nf6 5. Nc3 a6 6. Bg5 e6 7. f4 Be7 8. Qf3 h6 9. Bh4 Qc7 10. O-O-O Nbd7 11. Bd3 g5 12. fxg5 Ne5 13. Qe2 Nfg4 14. Bg3 hxg5 15. h3 Nf6 16. Rhf1 Bd7 17. Nf3 Nh5 18. Bh2 f6 19. Kb1 Rc8 20. Nxe5 dxe5 21. Qf3 Nf4 22. Bxf4 gxf4 23. Qg4 b5 24. Qg6+ Kf8 25. g3 Be8 26. Qg4 Rg8 27. Qxe6 Rxg3 28. Nd5 Qd7 29. Qxa6 Qc6 30. Qxb5 Qxb5 31. Bxb5 Bxb5 32. Rh1 Be2 33. Rd2 Bf3 34. Re1 Bxe4 35. Nxe7 Kxe7 36. a4 Bf5 37. h4 f3 38. a5 Rg2 39. Rxg2 fxg2 40. Rg1 Rxc2 41. Ka2 Be6+ 42. Ka3 Bd5 43. b4 Rf2 44. a6 Rf1 45. Rxg2 Bxg2 46. b5 e4 47. b6 e3 0-1


[Site "https://www.chess.com"]

[Event "Titled Tuesday Blitz June 20 Early 2023"]
[White "Maluco_do_Natal_00"]
[Black "Freile Martin, Javier"]
[BlackFideId "3600165"]
[WhiteElo "2095"]
[BlackElo "2320"]
[Result "0-1"]
[Round "9"]
[TimeControl "180+2"]
[Date "2023.06.20"]
[WhiteClock "0:00:00"]
[BlackClock "0:00:05"]
[Board "160"]

1. e4 c5 2. Nf3 d6 3. d4 cxd4 4. Nxd4 Nf6 5. Nc3 Bd7 6. Be3 Nc6 7. f3 h5 8. Qd2 a6 9. Bc4 e6 10. Bb3 Rc8 11. h3 h4 12. O-O-O Ne5 13. Kb1 b5 14. a3 Be7 15. f4 Rxc3 16. bxc3 Nxe4 17. Qe1 Nc6 18. Bc1 d5 19. f5 Qa5 20. Bb2 Bxa3 21. fxe6 fxe6 22. Rf1 Nxd4 23. Rxd4 Bxb2 24. Kxb2 Rf8 25. Rxf8+ Kxf8 26. Rxe4 dxe4 27. Qxe4 Qd8 28. Bxe6 Bxe6 29. Qxe6 Qf6 30. Qc8+ Kf7 31. Qb7+ Kg6 32. Qe4+ Kf7 33. Qb7+ Kg8 34. Qa8+ Kh7 35. Qe4+ g6 36. Qb7+ Kh6 37. Qe4 a5 38. Qe3+ g5 39. Qc5 b4 40. Qxa5 Qxc3+ 41. Kb1 Qd4 42. Qa6+ Kg7 43. Qb7+ Kf6 44. Qa6+ Kf5 45. Qc8+ Ke5 0-1


[Site "https://www.chess.com"]

[Event "Titled Tuesday Blitz June 20 Early 2023"]
[White "Zallio, Luciano de Souza"]
[Black "Calderin Gonzalez, Roberto"]
[WhiteFideId "2109700"]
[BlackFideId "5102979"]
[WhiteElo "2057"]
[BlackElo "2132"]
[Result "1-0"]
[Round "9"]
[TimeControl "180+2"]
[Date "2023.06.20"]
[WhiteClock "0:01:42"]
[BlackClock "0:01:37"]
[Board "161"]

1. e4 c5 2. Nf3 Nc6 3. c3 d5 4. exd5 Qxd5 5. d4 cxd4 6. cxd4 g6 7. Nc3 Qd8 8. d5 Nb8 9. Bb5+ Bd7 10. Bf4 Bg7 11. O-O Nf6 12. d6 Nc6 13. Ne5 O-O 14. Nxc6 bxc6 15. dxe7 Qxe7 16. Bd6 Qe6 17. Re1 Qf5 18. Bd3 Qd5 19. Nxd5 1-0


[Site "https://www.chess.com"]

[Event "Titled Tuesday Blitz June 20 Early 2023"]
[White "campochess"]
[Black "Lohani, Sujana"]
[BlackFideId "12311987"]
[WhiteElo "2169"]
[BlackElo "1718"]
[Result "1-0"]
[Round "9"]
[TimeControl "180+2"]
[Date "2023.06.20"]
[WhiteClock "0:00:21"]
[BlackClock "0:00:00"]
[Board "162"]

1. e4 c6 2. d4 d5 3. exd5 cxd5 4. c4 Nf6 5. Nc3 Nc6 6. Bg5 dxc4 7. d5 Ne5 8. Bxc4 Nxc4 9. Qa4+ Bd7 10. Qxc4 Rc8 11. Qd3 Qb6 12. Nge2 g6 13. Be3 Qa5 14. O-O Bg7 15. d6 e6 16. Rfd1 O-O 17. a3 Rfd8 18. Rac1 Bc6 19. Qb1 Bf8 20. b4 Qxa3 21. Bd4 Nd5 22. b5 Nxc3 23. Rxc3 Qxd6 24. bxc6 Rxc6 25. Rxc6 Qxc6 26. Ba1 Rc8 27. Qb2 e5 28. Qxe5 f6 29. Qd5+ Qxd5 30. Rxd5 Rc2 31. Kf1 Kf7 32. Rd1 Bc5 33. Bd4 Be7 34. Bxa7 b5 35. Nd4 Rb2 36. Nc6 b4 37. Rd7 Rb1+ 38. Ke2 b3 39. Rxe7+ Kg8 40. Rb7 b2 41. Bd4 1-0


[Site "https://www.chess.com"]

[Event "Titled Tuesday Blitz June 20 Early 2023"]
[White "Vargas, Mauricio"]
[Black "zano2023"]
[WhiteFideId "4404572"]
[WhiteElo "1986"]
[BlackElo "2162"]
[Result "0-1"]
[Round "9"]
[TimeControl "180+2"]
[Date "2023.06.20"]
[WhiteClock "0:00:00"]
[BlackClock "0:00:23"]
[Board "163"]

1. e3 d6 2. Nf3 e5 3. b3 Nf6 4. Bb2 Bg4 5. d3 Be7 6. h3 Bh5 7. g4 Bg6 8. Bg2 c6 9. O-O Nbd7 10. c4 h6 11. Kh1 Nf8 12. Nc3 Ne6 13. Ne2 Nd7 14. Ng3 O-O 15. Qe1 Bf6 16. Qd2 d5 17. e4 d4 18. Nf5 Nf4 19. Bc1 Nc5 20. Ne1 Nce6 21. Rg1 Bg5 22. Qc2 c5 23. Bf1 Bh7 24. Nf3 Bf6 25. h4 Qc7 26. g5 hxg5 27. hxg5 Bd8 28. Bxf4 Nxf4 29. Rg4 Bg6 30. Bg2 Nxg2 31. Rxg2 Bxf5 32. exf5 e4 33. Nh4 Qf4 34. g6 Qxh4+ 35. Rh2 Qf4 36. Rg1 fxg6 37. fxg6 Qf3+ 0-1


[Site "https://www.chess.com"]

[Event "Titled Tuesday Blitz June 20 Early 2023"]
[White "Dzhaparov, Medet"]
[Black "Milovic, Aleksandra"]
[WhiteFideId "13803689"]
[BlackFideId "933988"]
[WhiteElo "1690"]
[BlackElo "2000"]
[Result "1-0"]
[Round "9"]
[TimeControl "180+2"]
[Date "2023.06.20"]
[WhiteClock "0:00:20"]
[BlackClock "0:00:02"]
[Board "164"]

1. e4 e6 2. d4 d5 3. exd5 exd5 4. Nf3 Nf6 5. Bd3 Bd6 6. Qe2+ Be6 7. Ng5 Qd7 8. Bf5 Ne4 9. Bxe6 fxe6 10. Nxe4 dxe4 11. Qxe4 O-O 12. O-O Nc6 13. c4 Nxd4 14. Nc3 c5 15. Be3 Rad8 16. Kh1 Be7 17. Bxd4 cxd4 18. Ne2 Bf6 19. Rad1 e5 20. b3 Qc6 21. Qxc6 bxc6 22. Ng3 Rb8 23. Ne4 a5 24. Rd3 a4 25. Nc5 axb3 26. axb3 Rb4 27. f3 Ra8 28. Rb1 Be7 29. Ne4 Ra2 30. Kg1 Kf7 31. Rd2 Rxd2 32. Nxd2 Ke6 33. Kf1 Kd6 34. Ke2 Kc5 35. Kd3 Kb6 36. Ke4 Bf6 37. Kf5 h6 38. g4 Bg5 39. Ne4 Bf4 40. h4 g5 41. hxg5 hxg5 42. Nxg5 Ka5 43. Ne4 Rb8 44. g5 Kb4 45. g6 d3 46. g7 d2 47. Rd1 Kxb3 48. Nxd2+ Kc2 49. Rg1 Bxd2 50. g8=Q Rxg8 51. Rxg8 Bf4 52. Rc8 Kc3 53. Rxc6 Kd4 54. Re6 Kxc4 55. Rxe5 Bxe5 56. Kxe5 1-0


[Site "https://www.chess.com"]